 Dungeon Crawl Stone Soup version 0.24.0-123-gd5b16e6ec5 (webtiles) character file.

Game seed: 18173326559570221183, levelgen mode: deterministic

123 Holewolf1 the Chopper (level 5, -1/46 HPs)
             Began as a Hill Orc Fighter on Dec 22, 2019.
             Was an Initiate of Beogh.
             Slain by an orc wizard
             ... wielding a +0 dagger
              (3 damage)
             ... on level 3 of the Dungeon.
             The game lasted 00:09:05 (1928 turns).

Holewolf1 the Chopper (Hill Orc Fighter)            Turns: 1928, Time: 00:09:05

Health: -1/46      AC:  7    Str: 19    XL:     5   Next: 7%
Magic:  5/5        EV:  7    Int:  8    God:    Beogh [......]
Gold:   70         SH:  9    Dex: 11    Spells: 4/4 levels left

rFire    . . .     SeeInvis +   a - +0 war axe
rCold    . . .     Gourm    .   c - +0 shield
rNeg     . . .     Faith    .   b - +0 scale mail
rPois    .         Spirit   .   (no helmet)
rElec    .         Reflect  .   (no cloak)
rCorr    .         Harm     .   (no gloves)
MR       .....                  (no boots)
Stlth    ..........             (no amulet)
HPRegen  0.15/turn              j - ring of see invisible (curse)
MPRegen  0.09/turn              (no ring)

@: no status effects
A: no striking features
a: Renounce Religion


You were on level 3 of the Dungeon.
You worshipped Beogh.
Beogh was noncommittal.
You were hungry.

You visited 1 branch of the dungeon, and saw 3 of its levels.

You collected 70 gold pieces.

Inventory:

Hand Weapons
 a - a +0 war axe (weapon)
Armour
 b - a +0 scale mail (worn)
 c - a +0 shield (worn)
 e - a +0 ring mail
Jewellery
 j - a cursed ring of see invisible (left hand)
Scrolls
 h - 4 scrolls of identify
Potions
 d - a potion of might
 g - a potion of lignification
Comestibles
 f - 4 rations
 k - 2 chunks of flesh


   Skills:
 + Level 4.2 Fighting
 + Level 5.0 Axes
 + Level 3.8 Armour
 + Level 0.5 Dodging
 + Level 3.9 Shields


You had 4 spell levels left.
You didn't know any spells.
Your spell library was empty.

Dungeon Overview and Level Annotations

Branches:
Dungeon (3/15)

Altars:


Message History

Beogh accepts your kill.
Your Axes skill increases to level 5!
You hit the orc wizard. You block the orc wizard's attack.
You closely miss the orc wizard.
The orc wizard is lightly wounded.
The orc wizard hits you with a +0 dagger.
* * * LOW HITPOINT WARNING * * *
The orc wizard hits you but does no damage.
You hit the orc wizard.
The orc wizard is heavily wounded.
The orc wizard casts a spell.
The orc wizard blinks!
You are feeling hungry.
You see here a +0 club.
The orc wizard casts a spell at you. The magic dart hits you.
* * * LOW HITPOINT WARNING * * *
The orc wizard hits you with a +0 dagger.
You die...
Beogh appreciates the orc wizard's killing of a heretic priest.

*****'*#+ ############# *,,,,..
#...........# *,,,,..
#...........# *,,,,..
#...........# ***,,#'
#...........# *,,..
#...........### *,,..
####'÷....#.o.# *,,..
#.#....#.#@# *,,.. #.#....#.#.#
*,,.. #.#....#÷#)# ***..
#.#....#<#)# ******,,
#.#....###.# *,,,,,,>
****#..........#########....,,,
*,,,................o..'....,,,
*,,,,,,....#########........,,,
*,,,,,,...,* #.#..#...,,,


You could see an orc wizard.

Vanquished Creatures
  An orc wizard (D:3)
  A jelly (D:3)
  2 adders (D:2)
  A dart slug (D:2)
  A leopard gecko (D:1)
  3 orcs
  A giant cockroach (D:2)
  4 goblins
  7 hobgoblins
  2 quokkas
  4 bats
  6 frilled lizards
  8 kobolds
  4 rats
45 creatures vanquished.

Vanquished Creatures (others)
  An orc (D:2)
1 creature vanquished.

Grand Total: 46 creatures vanquished

Notes
Turn   | Place    | Note
-------+----------+-------------------------------------------
     0 | D:1      | Holewolf1 the Hill Orc Fighter began the quest for the Orb.
     0 | D:1      | Reached XP level 1. HP: 19/19 MP: 1/1
   227 | D:1      | Reached XP level 2. HP: 25/27 MP: 2/2
   625 | D:1      | Reached skill level 3 in Axes
   893 | D:2      | Reached XP level 3. HP: 33/33 MP: 3/3
  1029 | D:2      | Became a worshipper of Beogh the Brigand
  1093 | D:2      | Reached skill level 4 in Axes
  1506 | D:2      | Reached XP level 4. HP: 40/40 MP: 4/4
  1918 | D:3      | HP: 2/40 [orc wizard/puff of frost (11)]
  1919 | D:3      | Reached XP level 5. HP: 2/46 MP: 5/5
  1920 | D:3      | Reached skill level 5 in Axes
  1927 | D:3      | HP: 2/46 [orc wizard/magic dart (1)]
  1928 | D:3      | Slain by an orc wizard

Levels and vault maps discovered:
D:1:      lightli_arrival_windingriver, layout_basic,
          hangedman_abyss_or_decor_lesser_grid
D:2:      layout_rooms, first_ration, kennysheep_boxes
D:3:      layout_basic, tso_oasis_becter, marbit_many_paths, bloody_trog

Skill      XL: |  1  2  3  4  5 |
---------------+----------------+-----
Axes           | 3 4 5 |  5.0
Fighting       | 4 |  4.2
Armour         | |  3.8
Dodging        | |  0.5
Shields        | |  3.9

Action                   |  1- 3 |  4- 6 || total
-------------------------+-------+-------++-------
Melee: War axe           |   116 |    33 ||   149
Invok: Convert to Beogh  |     1 |       ||     1
  Use: Scroll            |       |     3 ||     3
       Potion            |       |     1 ||     1
  Eat: Chunk             |     1 |     2 ||     3
Armor: Scale mail        |    46 |    12 ||    58
Dodge: Dodged            |    25 |     8 ||    33
Block: Shield            |    63 |    14 ||    77
